AoeStats
← Krahhyz

Nomad

504387072Analyzed
2v2 RM · 27d ago on Sep 5, 2026· 33m 57s· 4 players
Game mode
Random Map
Map size
176×176
Population
200
Speed
Normal
Resources
Standard
Victory
Conquest
Starting age
Dark Age
Ending age
Imperial Age
RankedLock teamsTeams togetherTeam positionsShared explorationLock speedFull tech treeHidden civsTurbo modeCheats
Victory
Defeat
🇺🇸 Ethiopians · United States
1014
+13
🇲🇽 Portuguese · Mexico
967
+15
🇦🇺 Vietnamese · Australia
967
-15
🇦🇺 Teutons · Australia
918
-13
GenaroCazador
15:48 Feudal Age
16:11 Fishing Lines
18:59 Double-Bit Axe
21:48 Castle Age
22:44 Stone Mining
22:43 Pikeman
24:20 Stone Shaft Mining
24:00 Bow Saw
23:43 Gold Mining
32:33 Gillnets
outtagearrobot
15:09 Feudal Age
15:39 Double-Bit Axe
23:30 Castle Age
24:06 Gold Mining
26:08 Fishing Lines
27:53 Arson
28:09 Squires
36:47 Imperial Age
Krahhyz
9:19 Loom
14:18 Feudal Age
14:47 Double-Bit Axe
25:01 Castle Age
23:52 Fletching
24:18 Horse Collar
26:58 Crossbowman
PapaHewy
7:42 Loom
15:50 Feudal Age
16:48 Double-Bit Axe
21:55 Horse Collar
28:30 Castle Age
27:11 Bloodlines
27:41 Stone Mining
29:55 Squires
29:16 Pikeman
Connection lost

Rejoining the realm…

Still unreachable

The connection could not be restored.

Session expired

The server has moved on; the page needs a fresh start.